 Dungeon Crawl Stone Soup version 0.29-a0-330-g52719c12eb (webtiles) character file.

Game seed: 2768792676879064078

13022 Gwenloh the Covert (level 12, -1/72 HPs)
             Began as a Kobold Enchanter on May 7, 2022.
             Was a Priest of Dithmenos.
             Slain by a seven-headed hydra (7 damage)
             ... on level 1 of the Lair of Beasts on May 8, 2022.
             The game lasted 00:38:48 (14187 turns).

Gwenloh the Covert (Kobold Enchanter)              Turns: 14187, Time: 00:38:49

Health: -1/72      AC:  9    Str:  6    XL:     12   Next: 27%
Magic:  17/22      EV: 23    Int: 22    God:    Dithmenos [***...]
Gold:   745        SH:  0    Dex: 20    Spells: 10/25 levels left

rFire   . . .      SeeInvis .   a - +2 rapier (vamp)
rCold   . . .      Faith    .   (no shield)
rNeg    . . .      Spirit   .   Q - +0 troll leather armour
rPois   .          Reflect  .   M - +0 helmet
rElec   .          Harm     .   n - +0 cloak
rCorr   .          Rampage  .   x - +0 pair of gloves
Will    .....                   P - +1 pair of boots
Stlth   ++++++++..              y - amulet of magic regeneration
HPRegen 1.02/turn               k - +6 ring of intelligence
MPRegen 0.58/turn               v - +4 ring of evasion

@: confusing by touch, wreathed by umbra
A: small, no large weapons, nightstalker 3
a: Renounce Religion, Shadow Step


You were on level 1 of the Lair of Beasts.
You worshipped Dithmenos.
Dithmenos was most pleased with you.
You visited 3 branches of the dungeon, and saw 13 of its levels.

You collected 745 gold pieces.

Inventory:

Hand Weapons
 a - a +2 vampiric rapier (weapon)
 b - a +0 hand crossbow
 e - a +1 short sword of electrocution
 E - a +1 dagger
 L - a +2 vampiric dagger
Armour
 n - a +0 cloak (worn)
 x - a +0 pair of gloves (worn)
 M - a +0 helmet (worn)
 P - a +1 pair of boots (worn)
 Q - a +0 troll leather armour (worn)
Jewellery
 f - a ring of ice
 j - a +6 ring of intelligence
 k - a +6 ring of intelligence (left hand)
 m - a ring of flight
 v - a +4 ring of evasion (right hand)
 w - a ring of resist corrosion
 y - an amulet of magic regeneration (around neck)
 J - a ring of protection from fire
 K - a ring of willpower
Wands
 t - a wand of paralysis (4)
 C - a wand of acid (7)
 D - a wand of polymorph (9)
 H - a wand of mindburst (22)
 N - a wand of charming (4)
Scrolls
 h - 3 scrolls of teleportation
 o - 5 scrolls of noise
 r - a scroll of immolation
 z - 4 scrolls of magic mapping
 G - a scroll of fog
 I - a scroll of enchant weapon {unknown}
 O - a scroll of brand weapon {unknown}
Potions
 c - 3 potions of invisibility
 d - 5 potions of magic
 g - 2 potions of flight {unknown}
 i - 7 potions of curing
 l - 5 potions of attraction
 p - 5 potions of lignification
 q - 2 potions of haste
 s - 3 potions of heal wounds {unknown}
 u - a potion of degeneration {unknown}
 A - a potion of cancellation {unknown}
 B - a potion of mutation {unknown}


   Skills:
 + Level 7.2 Fighting
 + Level 8.9 Short Blades
 + Level 8.6 Dodging
 + Level 10.5 Stealth
 + Level 7.2 Spellcasting
 * Level 10.3 Hexes
 + Level 6.2 Invocations


You had 10 spell levels left.
You knew the following spells:

 Your Spells              Type           Power      Damage    Failure   Level
a - Confusing Touch       Hex            52%        N/A       1%          3
b - Ensorcelled Hibernat  Hex/Ice        60%        N/A       2%          2
c - Tukima's Dance        Hex            52%        N/A       1%          3
d - Dazzling Flash        Conj/Hex       60%        N/A       4%          3
e - Anguish               Hex/Necr       15%        N/A       16%         4

Your spell library contained the following spells:

 Spells                   Type           Power      Damage    Failure   Level
 Summon Guardian Golem    Hex/Summ       30%        N/A       4%          3
 Poisonous Vapours        Pois/Air       14%        N/A       19%         2
 Ozocubu's Armour         Ice            7%         N/A       36%         3
 Spider Form              Tmut/Pois      7%         N/A       36%         3
 Yara's Violent Unravell  Hex/Tmut       15%        3d8       38%         5
 Animate Armour           Summ/Erth      14%        N/A       77%         4
 Enfeeble                 Hex            26%        N/A       83%         7
 Summon Forest            Summ/Tloc      3%         N/A       98%         5
 Orb of Destruction       Conj           3%         9d5       100%        7
 Ozocubu's Refrigeration  Ice            3%         4d5       100%        7
 Spellforged Servitor     Conj/Summ      3%         N/A       100%        7
 Summon Hydra             Summ           3%         N/A       100%        7


Dungeon Overview and Level Annotations

Branches:
Dungeon (11/15)            Temple (1/1) D:6            Lair (1/6) D:11
    Orc (0/2) D:9

Altars:
Ashenzari
Cheibriados
Dithmenos
Elyvilon
Fedhas
Gozag
Hepliaklqana
Kikubaaqudgha
Makhleb
Nemelex Xobeh
Okawaru
Qazlal
Ru
Sif Muna
Trog
Uskayaw
Vehumet
Wu Jian
Xom
Yredelemnul
Zin
The Shining One
Beogh

Shops:
D:3 [

Portals:
Trove: D:10 (give +4 ice dragon scales)

Annotations:
D:9 3 runed translucent doors, p0werm0de's ghost, journeyman FoFi


Innate Abilities, Weirdness & Mutations

You are small and have problems with some larger weapons.
You are completely attuned to the shadows.


Message History

The elephant completely misses you. x2
You puncture the elephant!
You feel better.
The elephant is heavily wounded.
You hit the elephant but do no damage.
The elephant is heavily wounded.
You catch the helpless elephant completely off-guard!
You impale the elephant!!
You kill the elephant!
Dithmenos accepts your kill.
HP restored.
A seven-headed hydra comes into view.
Aiming: Shadow Step
Press: ? - help, Dir - move target, f - seven-headed hydra
Aim: a seven-headed hydra (wandering, hasn't noticed you) Out of range.
Okay, then.
Aiming: Shadow Step
Press: ? - help, Dir - move target, f - seven-headed hydra
Aim: a seven-headed hydra (wandering, hasn't noticed you, umbra)
You step into the seven-headed hydra's shadow.
The seven-headed hydra roars!
You hit the seven-headed hydra.
You feel better.
The seven-headed hydra is lightly wounded.
The seven-headed hydra closely misses you.
The seven-headed hydra bites you!
The seven-headed hydra barely misses you.
The seven-headed hydra bites you!
The seven-headed hydra bites you but does no damage.
The seven-headed hydra bites you! The seven-headed hydra misses you.
Casting: Confusing Touch (safe; 1% risk of failure)
Confirm with . or Enter, or press ? or * to list all spells.
Your hands begin to glow red.
The seven-headed hydra bites you. The seven-headed hydra bites you!
The seven-headed hydra completely misses you.
The seven-headed hydra bites you!
* * * LOW HITPOINT WARNING * * *
The seven-headed hydra bites you!
* * * LOW HITPOINT WARNING * * *
The seven-headed hydra bites you!
You die...

#..........# #...# #......
...........# #..#####......
#.####..##.# #.†...........
.
.......†.######.............
+.....Y#.##..##.....#+##.###
#......#....."......#......#
#......#..##....#...P[......
........#..D....#..P......#
..#.#.@.....#..#.......
..#.#.......#..........
#.P###.##........†#
............#......#
.............##..#..
#....................
.................
................> .........


You could see a seven-headed hydra.

Vanquished Creatures
  A two-headed ogre (D:9)
  5 elephants (Lair:1)
  A kobold demonologist (D:11)
  3 komodo dragons
  6 trolls
  A queen bee (shapeshifter) (D:11)
  A hornet (D:7)
  A shadow (D:10)
  2 centaur simulacra (D:10)
  4 humans
  16 yaks
  3 vampire mosquitoes (D:11)
  A wraith (D:10)
  A steam dragon (D:8)
  Menkaure (D:6)
  2 water moccasins
  An acid dragon (D:10)
  2 sky beasts
  5 orc warriors
  4 ice beasts
  2 black bears (D:7)
  5 centaurs
  A phantom (D:6)
  2 necrophages (D:4)
  3 kobold brigands
  2 bullfrogs
  2 gnoll sergeants
  4 scorpions
  An electric eel (D:10)
  A howler monkey (D:9)
  4 hounds
  A jelly (D:5)
  2 gnoll shamans
  6 orc priests
  4 iguanas
  7 orc wizards
  13 gnolls
  7 adders
  3 white imps
  4 ufetubi
  3 dart slugs
  26 orcs
  12 endoplasms
  4 giant cockroaches
  4 goblins
  6 hobgoblins
  10 jackals
  28 kobolds
  3 quokkas
  7 ball pythons
  7 bats
  5 frilled lizards
  11 rats
261 creatures vanquished.

Vanquished Creatures (collateral kills)
  An orc warrior (D:8)
  An orc wizard (D:9)
  A gnoll (D:10)
3 creatures vanquished.

Vanquished Creatures (others)
  3 dancing weapons
  An orc (D:5)
  2 fungi (Lair:1)
  39 plants (D:1)
45 creatures vanquished.

Grand Total: 309 creatures vanquished

Notes
Turn   | Place    | Note
-------+----------+-------------------------------------------
     0 | D:1      | Gwenloh the Kobold Enchanter began the quest for the Orb.
     0 | D:1      | Reached XP level 1. HP: 10/10 MP: 3/3
   136 | D:1      | Reached XP level 2. HP: 15/15 MP: 5/5
   779 | D:1      | Reached XP level 3. HP: 20/20 MP: 6/6
   791 | D:1      | Found a faded altar of an unknown god.
  1039 | D:1      | Learned a level 2 spell: Ensorcelled Hibernation
  1703 | D:1      | Reached XP level 4. HP: 4/24 MP: 0/7
  2024 | D:2      | Reached skill level 1 in Fighting
  2035 | D:2      | Learned a level 3 spell: Confusing Touch
  2039 | D:2      | Learned a level 3 spell: Tukima's Dance
  2679 | D:2      | Reached XP level 5. HP: 29/29 MP: 9/9
  3225 | D:3      | Found Xuafoirhagh's Armour Emporium.
  3232 | D:3      | Identified the +5 quarterstaff of the Girdle {vorpal, Str+7
                  | Int+3}
  4076 | D:4      | Reached skill level 5 in Stealth
  4076 | D:4      | Reached XP level 6. HP: 31/35 MP: 6/10
  4678 | D:4      | Reached XP level 7. HP: 40/40 MP: 11/11
  4741 | D:4      | Got Vualeq's Tome of Poison and Creation
  4838 | D:5      | Entered Level 5 of the Dungeon
  5225 | D:5      | Noticed a water moccasin
  5231 | D:5      | Killed a water moccasin
  5232 | D:5      | Reached skill level 5 in Hexes
  5365 | D:5      | Reached XP level 8. HP: 46/46 MP: 9/13
  6152 | D:6      | Noticed Menkaure
  6156 | D:6      | Killed Menkaure
  6157 | D:6      | Reached skill level 5 in Dodging
  6563 | D:6      | Found a staircase to the Ecumenical Temple.
  6569 | Temple   | Entered the Ecumenical Temple
  6783 | Temple   | Became a worshipper of Dithmenos the Shadowed
  7025 | D:7      | Noticed a hornet
  7039 | D:7      | Killed a hornet
  7040 | D:7      | Reached skill level 5 in Short Blades
  7040 | D:7      | Reached skill level 1 in Invocations
  7040 | D:7      | Reached XP level 9. HP: 31/52 MP: 12/15
  7560 | D:6      | Learned a level 3 spell: Dazzling Flash
  7675 | D:7      | HP: 2/52 [human/+0 club (7)]
  8747 | D:8      | Noticed a troll
  8751 | D:8      | Killed a troll
  8752 | D:8      | Reached skill level 5 in Spellcasting
  8895 | D:8      | Reached XP level 10. HP: 32/58 MP: 5/17
  8997 | D:6      | Reached skill level 5 in Fighting
  9953 | D:8      | Reached * piety under Dithmenos
 10252 | D:9      | Found a runed translucent gate.
 10253 | D:9      | Noticed a kobold demonologist
 10254 | D:9      | Found a runed translucent gate.
 10254 | D:9      | Noticed p0werm0de's ghost (journeyman FoFi)
 10254 | D:9      | Noticed a kobold demonologist
 10255 | D:9      | Found a runed translucent gate.
 10326 | D:9      | Found a shimmering altar of Xom.
 10348 | D:9      | Found an ancient bone altar of Kikubaaqudgha.
 10478 | D:9      | Found a staircase to the Orcish Mines.
 10514 | D:9      | Noticed a two-headed ogre
 10527 | D:9      | Killed a two-headed ogre
 11125 | D:9      | Reached ** piety under Dithmenos
 11936 | D:10     | Entered Level 10 of the Dungeon
 11956 | D:10     | Reached XP level 11. HP: 64/64 MP: 20/20
 12163 | D:10     | Found a portal to a secret trove of treasure.
 12442 | D:10     | Reached skill level 5 in Invocations
 13244 | D:11     | Found a staircase to the Lair.
 13286 | D:11     | Reached skill level 10 in Stealth
 13304 | D:11     | Reached *** piety under Dithmenos
 13952 | Lair:1   | Entered Level 1 of the Lair of Beasts
 13957 | Lair:1   | Reached skill level 10 in Hexes
 13957 | Lair:1   | Reached XP level 12. HP: 72/72 MP: 22/22
 13962 | Lair:1   | Learned a level 4 spell: Anguish
 14177 | Lair:1   | Noticed a seven-headed hydra
 14187 | Lair:1   | Slain by a seven-headed hydra

Illustrated notes

Levels and vault maps discovered:
D:1:      dpeg_arrival_round_c, layout_rooms, serial_bayou,
          serial_bayou_crossing, serial_bayou_lake_a, serial_bayou_lagoon_b,
          serial_bayou_ford_a, hellmonk_ecumenical_altar_arch_garden,
          st_stairs_6, nicolae_concentric_dashed_squares_wild,
          minmay_lizard_pond
D:2:      layout_loops_cross, serial_bayou_pond_d
D:3:      layout_rooms, serial_shops, nicolae_diamond_shop
D:4:      layout_basic, feat_on_display
D:5:      layout_cave_pools, chequers_arboretum
D:6:      layout_loops_ring, minmay_misc_feat_enclosed,
          minmay_misc_feat_nine_boxes, uniq_menkaure
D:7:      layout_layer_cave, minmay_ruffians
D:8:      layout_gridville
D:9:      layout_roguey, grunt_temple_overflow_open,
          minmay_orc_entry_temple_large, gammafunk_ghost_nasty_kobolds,
          st_stairs_2
D:10:     layout_long_grid, serial_ice, serial_ice_j, serial_ice_c,
          serial_ice_m, serial_ice_d, enter_trove_2
D:11:     layout_loops_corners, lair_entry_dummy, minmay_starry_boxes
Temple:   regret_index_temple_chain_breaker
Lair:1:   layout_chaotic_city, maelrawn_ghost_gauntlet_escape

Skill      XL: |  1  2  3  4  5  6  7  8  9 10 11 12 |
---------------+-------------------------------------+-----
Short Blades   | 2 3 4 5 6 7 8 |  8.9
Fighting       | 1 2 3 4 6 7 |  7.2
Dodging        | 3 4 5 6 7 8 |  8.6
Stealth        | 5 6 7 8 9 10 | 10.5
Spellcasting   | 3 4 5 6 7 |  7.2
Hexes          | 4 5 6 7 8 10 | 10.3
Invocations    | 1 2 4 5 6 |  6.2

Action                   |  1- 3 |  4- 6 |  7- 9 | 10-12 || total
-------------------------+-------+-------+-------+-------++-------
Melee: Dagger            |   105 |   155 |   201 |    31 ||   492
       Punch             |       |     2 |     1 |     4 ||     7
       Rapier            |       |       |       |   328 ||   328
 Fire: Hand crossbow     |       |       |       |    15 ||    15
 Cast: Ensorcelled Hiber |    10 |    10 |    13 |    41 ||    74
       Confusing Touch   |       |    12 |    20 |    50 ||    82
       Tukima's Dance    |       |       |     3 |     6 ||     9
       Dazzling Flash    |       |       |     4 |     2 ||     6
       Anguish           |       |       |       |     2 ||     2
Invok: Shadow Step       |       |       |       |     1 ||     1
  Use: Scroll            |       |     6 |     3 |     4 ||    13
       Potion            |       |       |       |     2 ||     2
 Stab: Sleeping          |    18 |    29 |    24 |    50 ||   121
       Confused          |       |     6 |    16 |    37 ||    59
       Distracted        |       |     1 |     1 |       ||     2
       Invisible         |       |       |     2 |     2 ||     4
Armor: Robe              |    12 |    16 |    17 |    30 ||    75
       Troll leather arm |       |       |       |    15 ||    15
Dodge: Dodged            |    80 |    77 |   158 |   408 ||   723

Table legend: (Time is in decaauts)
 A = Elapsed time spent in this place.
 B = Non-inter-level travel time spent in this place.
 C = Inter-level travel time spent in this place.
 D = Time resting spent in this place.
 E = Time spent auto-exploring this place.
 F = Levels seen in this place.
 G = Mean time per level.
                   A        B        C        D        E       F      G
               +--------+--------+--------+--------+--------+-----+--------+
         Total |  14123 |  13688 |    435 |    884 |  10422 |  13 | 1086.4 |
       Dungeon |  13675 |  13248 |    427 |    884 |  10110 |  11 | 1243.2 |
        Temple |    223 |    215 |      8 |      0 |    179 |   1 |  223.0 |
          Lair |    224 |    224 |      0 |      0 |    133 |   1 |  224.0 |
               +--------+--------+--------+--------+--------+-----+--------+

Top non-repeatable levels by time:
     D:1: 2024 daAuts
     D:9: 1665 daAuts
     D:6: 1641 daAuts
     D:8: 1408 daAuts
     D:2: 1159 daAuts
    D:11: 1107 daAuts
     D:7: 1066 daAuts
     D:5: 1000 daAuts
     D:4: 963 daAuts
    D:10: 887 daAuts
     D:3: 751 daAuts
  Lair:1: 224 daAuts
  Temple: 223 daAuts
